 Dungeon Crawl Stone Soup version 0.32-a0-643-ga006e7742e (webtiles) character file.

Game seed: 6928504218544277714

11 ytrimaz the Caller (level 2, 19/19 HPs)
             Began as a Coglin Summoner on Mar 8, 2024.
             Quit the game on level 1 of the Dungeon.
             The game lasted 00:01:54 (784 turns).

ytrimaz the Caller (Coglin Summoner)                 Turns: 784, Time: 00:01:54

Health: 19/19      AC:  2    Str:  8    XL:     2   Next: 29%
Magic:  2/5        EV: 12    Int: 14    God:
Gold:   13         SH:  0    Dex: 14    Spells: 2/5 levels left

rFire   . . .        (no weapon)
rCold   . . .        (no shield)
rNeg    . . .        a - +0 robe
rPois   .            (no helmet)
rElec   .            (no cloak)
rCorr   .            (no gloves)
SInv    .            (no boots)
Will    .....        (amulet unavailable)
Stlth   ++           (ring unavailable)
HPRegen 0.23/turn    (ring unavailable)
MPRegen 0.09/turn    (no gizmo)

%: no passive effects
@: no status effects
A: off-hand wielding, slow wielding, warmup strikes, no jewellery
a: Invent Gizmo


You were on level 1 of the Dungeon.
You visited 1 branch of the dungeon, and saw 1 of its levels.

You collected 13 gold pieces.


Innate Abilities, Weirdness & Mutations

You can wield a second weapon in your off-hand.
It takes a long time for you to wield or remove held weapons.
Your first few attacks do less damage.
You cannot equip rings or amulets.


   Skills:
 + Level 2.0 Dodging
 + Level 1.8 Stealth
 + Level 2.0 Spellcasting
 + Level 4.1 Summonings


You had 2 spell levels left.
You knew the following spells:

 Your Spells              Type           Power      Damage    Failure   Level
a - Summon Small Mammal   Summ           48%        N/A       4%          1
b - Call Imp              Summ           24%        N/A       7%          2

Your spell library contained the following spells:

 Spells                   Type           Power      Damage    Failure   Level
 Call Canine Familiar     Summ           12%        N/A       13%         3
 Summon Blazeheart Golem  Fire/Summ      7%         N/A       71%         4
 Summon Lightning Spire   Summ/Air       7%         N/A       71%         4

Inventory:

Armour
 a - a +0 robe (worn)
Scrolls
 c - 2 scrolls of teleportation {unknown}
 d - a scroll of revelation {unknown}
Potions
 b - a potion of magic

Dungeon Overview and Level Annotations

Branches:
Dungeon (1/15) Zot: 5214

Altars:

#.#.........
#.................
####............... ###
#.................. ..#
#.##............... ..#
#.##............... ..#
#.#..........b..J.. #.##
#.#.#.............. P.P#
#.#.#...(..@.......
≈.≈###........).........
≈.≈≈####.#......r.......
≈.≈≈≈P##.#..............
.........#..............
≈.≈≈≈P#..#..............
≈.≈≈####.#..........[...
≈.≈##....#..............
P.P#######.............


You could see an endoplasm (ally target), a friendly quokka (summoned) and a
friendly bat (summoned).


Message History

😕 HP[-1] MP[-1]
You take 1 damage, and now have 18/19 hp.
You lost 1 mp, and now have 2/4 mp.
Unknown command.
You swap places.
Your bat misses the hobgoblin.
Your bat hits the hobgoblin but does no damage.
The hobgoblin misses your bat.
Your bat hits the hobgoblin but does no damage.
Your bat barely misses the hobgoblin.
Your bat hits the hobgoblin.
Your rat completely misses the hobgoblin. 😎 HP[+1]
Your hp is fully restored (19).
Your bat misses the hobgoblin.
Your rat barely misses the hobgoblin.
Unknown command.
The hobgoblin hits your bat.
Your bat dies!
Your bat's corpse disappears in a puff of smoke!
Your rat bites the hobgoblin.
Your rat bites the hobgoblin.
Your rat barely misses the hobgoblin. 😎 MP[-1]
You lost 1 mp, and now have 1/4 mp.
Unknown command.
You swap places.
The hobgoblin hits your bat.
Your bat dies!
Your bat's corpse disappears in a puff of smoke!
Your rat bites the hobgoblin.
The hobgoblin dies!
Unknown command.
Unknown command.
Unknown command.
Your rat disappears in a puff of smoke!
You see here a hobgoblin corpse.
Key pressed, stopping explore.
Key pressed, stopping explore.
Unknown command. 😎 MP[+3]
Your mp is fully restored (4).
You enter the shallow water.
Moving in this stuff is going to be slow.
You enter the shallow water.
Moving in this stuff is going to be slow.
Key pressed, stopping explore.
You see here 9 stones.
c - 2 scrolls labelled YKODEWNE WACI (gained 1)
A ball python comes into view. 😎 MP[-1]
You lost 1 mp, and now have 3/4 mp.
Unknown command. 😎 MP[-1]
You lost 1 mp, and now have 2/4 mp.
You swap places.
Your rat bites the ball python.
You swap places.
The ball python misses you. x2; The ball python bites you.
The ball python closely misses you. 😕 HP[-1]
You take 1 damage, and now have 18/19 hp.
Your bat hits the ball python.
The ball python dies!
Unknown command.
Unknown command.
Your rat disappears in a puff of smoke!
Your bat disappears in a puff of smoke!
Key pressed, stopping explore.
Key pressed, stopping explore.
A goblin comes into view.
It is wielding a +0 dagger. 😎 HP[+1] MP[+2]
Your hp is fully restored (19).
Your mp is fully restored (4).
A goblin is nearby!
A goblin is nearby!
A goblin is nearby!
A goblin is nearby!
A goblin is nearby!
The goblin shouts! 😎 MP[-1]
You lost 1 mp, and now have 3/4 mp.
Unknown command. 😎 MP[-1]
You lost 1 mp, and now have 2/4 mp.
Your quokka disappears in a puff of smoke!
Your bat barely misses the goblin. 😎 MP[-1]
You lost 1 mp, and now have 1/4 mp.
Unknown command.
The goblin completely misses you.
Unknown command.
You hit the goblin.
Your bat closely misses the goblin.
The goblin barely misses you.
You hit the goblin.
You kill the goblin!
Your Spellcasting skill increases to level 2!
No target in view!
Things that are here:
a +0 dagger; a goblin corpse Unknown command.
No target in view!
An endoplasm comes into view. 😎 MP[+1]
An endoplasm is nearby!
The endoplasm quivers.
Are you sure you want to abandon this character and quit the game? (Confirm with "yes".)

Skill      XL: |  1  2 |
---------------+-------+-----
Dodging        | 2 |  2.0
Spellcasting   | 2 |  2.0
Stealth        | |  1.8
Summonings     | |  4.1

Action                     || total
---------------------------++-------
  Melee: Unarmed           ||    18
   Cast: Summon Small Mamm ||    20
         Call Imp          ||     1
 Armour: Robe              ||    17
  Dodge: Dodged            ||    15

Levels and vault maps discovered:
D:1:      scummos_arrival_star, layout_loops_cross, serial_rivers,
          chequers_serial_rivers_small_b, chequers_serial_rivers_room_a,
          chequers_serial_rivers_large_a, chequers_serial_rivers_micro_d,
          wad_floor_pattern_1, st_stairs_14, dreamdust_princess_bridge

Notes
Turn   | Place    | Note
-------+----------+-------------------------------------------
     0 | D:1      | ytrimaz the Coglin Summoner began the quest for the Orb.
     0 | D:1      | Reached XP level 1. HP: 13/13 MP: 3/3
     0 | D:1      | magus.rc [v1.9.6]
   288 | D:1      | HP: 1/13 [goblin/+0 dagger (3)]
   290 | D:1      | Reached XP level 2. HP: 2/19 MP: 1/4
   295 | D:1      | Reached skill level 2 in Dodging
   434 | D:1      | Learned a level 2 spell: Call Imp
   775 | D:1      | Reached skill level 2 in Spellcasting
   784 | D:1      | Quit the game

Vanquished Creatures
  A giant cockroach (D:1)
  A goblin (D:1)
2 creatures vanquished.

Vanquished Creatures (collateral kills)
  2 endoplasms (D:1)
  A goblin (D:1)
  A hobgoblin (D:1)
  A quokka (D:1)
  A ball python (D:1)
  A bat (D:1)
  2 rats (D:1)
9 creatures vanquished.

Grand Total: 11 creatures vanquished

Table legend:
 A = Non-vault XP
 B = Vault XP
 C = Vault XP percentage of total XP
 D = Non-vault monster count
 E = Vault monster count
 F = Vault count percentage of total count
                 A         B        C        D         E       F
            +---------+---------+-------+---------+---------+-------
      Total |      13 |       4 |  23.5 |       9 |       2 |  18.2
            +---------+---------+-------+---------+---------+-------
        D:1 |      13 |       4 |  23.5 |       9 |       2 |  18.2
            +---------+---------+-------+---------+---------+-------

Skill      XL: |  1  2 |
---------------+-------+-----
Dodging        | 2 |  2.0
Spellcasting   | 2 |  2.0
Stealth        | |  1.8
Summonings     | |  4.1

Action                     || total
---------------------------++-------
  Melee: Unarmed           ||    18
   Cast: Summon Small Mamm ||    20
         Call Imp          ||     1
 Armour: Robe              ||    17
  Dodge: Dodged            ||    15

Illustrated notes

Table legend:
 A = Kills in this place as a percentage of kills in the entire game.
 B = Kills by you in this place as a percentage of kills by you in the entire game.
 C = Kills by friends in this place as a percentage of kills by friends in the entire game.
 D = Other kills in this place as a percentage of other kills in the entire game.
 E = Experience gained in this place as a percentage of experience gained in the entire game.
 F = Experience gained in this place divided by the number of levels of this place that you have seen.
                   A       B       C       D       E      F
               +-------+-------+-------+-------+-------+----------------------
         Total | 100.0 | 100.0 | 100.0 |   N/A | 100.0 |  17.0
       Dungeon | 100.0 | 100.0 | 100.0 |   N/A | 100.0 |  17.0
               +-------+-------+-------+-------+-------+----------------------

Table legend: (Time is in decaauts)
 A = Elapsed time spent in this place.
 B = Non-inter-level travel time spent in this place.
 C = Inter-level travel time spent in this place.
 D = Time resting spent in this place.
 E = Time spent auto-exploring this place.
 F = Levels seen in this place.
 G = Mean time per level.
                   A        B        C        D        E       F      G
               +--------+--------+--------+--------+--------+-----+--------+
         Total |    785 |    785 |      0 |     66 |    611 |   1 |  785.0 |
       Dungeon |    785 |    785 |      0 |     66 |    611 |   1 |  785.0 |
               +--------+--------+--------+--------+--------+-----+--------+

Top non-repeatable levels by time:
     D:1: 785 daAuts
